 Dungeon Crawl Stone Soup version 0.30-a0-51-g784eafce7f (webtiles) character file.

Game seed: 4267232689129957784

47 BritishOli the Trooper (level 3, -2/29 HPs)
             Began as a Demonspawn Fighter on Sept 6, 2022.
             Constricted to death by Terence (3 damage)
             ... on level 2 of the Dungeon.
             The game lasted 00:01:17 (1809 turns).

BritishOli the Trooper (Demonspawn Fighter)         Turns: 1809, Time: 00:01:18

Health: -2/29      AC:  9    Str: 18    XL:     3   Next: 48%
Magic:  3/3        EV:  8    Int:  9    God:
Gold:   143        SH:  4    Dex: 12    Spells: 2/2 levels left

rFire   . . .      SeeInvis .    a - +0 long sword
rCold   . . .      Faith    .    c - +0 buckler
rNeg    . . .      Spirit   .    b - +0 scale mail
rPois   .          Reflect  .    (no helmet)
rElec   .          Harm     .    (no cloak)
rCorr   .          Rampage  .    g - +2 pair of gloves
Will    .....                    (no boots)
Stlth   ..........               (no amulet)
HPRegen 0.09/turn                (no ring)
MPRegen 0.08/turn                (no ring)

@: grasped by roots, constricted
A: repulsion field 1
a: no special abilities


You were on level 2 of the Dungeon.
You visited 1 branch of the dungeon, and saw 2 of its levels.

You collected 143 gold pieces.

Inventory:

Hand Weapons
 a - a +0 long sword (weapon)
Armour
 b - a +0 scale mail (worn)
 c - a +0 buckler (worn)
 g - a +2 pair of gloves (worn)
Scrolls
 e - a scroll of torment {unknown}
 i - a scroll of vulnerability {unknown}
 k - a scroll of immolation {unknown}
 l - a scroll of teleportation {unknown}
 m - 2 scrolls of brand weapon {unknown}
Potions
 d - a potion of might
 f - a potion of curing {unknown}
 h - a potion of brilliance {unknown}
 j - a potion of attraction {unknown}
 n - a potion of magic {unknown}


   Skills:
 + Level 3.4 Fighting
 + Level 2.3 Long Blades
 + Level 3.1 Armour
 + Level 3.1 Shields


You had 2 spell levels left.
You didn't know any spells.
Your spell library contained the following spells:

 Spells                   Type           Power      Damage    Failure   Level
 Blink                    Tloc           0%         N/A       94%         2
 Manifold Assault         Tloc           0%         N/A       100%        5
 Storm Form               Tmut/Air       0%         N/A       100%        7


Dungeon Overview and Level Annotations

Branches:
Dungeon (2/15)

Altars:
Cheibriados

Shops:
D:2 [

Annotations:
D:2 Terence


Innate Abilities, Weirdness & Mutations

You are surrounded by a mild repulsion field. (EV +2)


Message History

Terence is unaffected.
The grasping roots constrict you. You block Terence's attack.
The grasping roots constrict you.
You hit Terence.
Terence is moderately wounded.
The endoplasm closely misses you. Terence hits you but does no damage.
The grasping roots constrict you.
The grasping roots release their grip on you.
You hit Terence but do no damage.
Terence is moderately wounded.
The endoplasm closely misses you. Terence hits you with a +0 hand axe!
You closely miss Terence.
Terence is moderately wounded.
Terence closely misses you. The endoplasm freezes you.
You are frozen.
The endoplasm hits you. Terence hits you but does no damage.
You aren't carrying any items that you can evoke.
You closely miss Terence.
Terence is moderately wounded.
The endoplasm barely misses you. Terence hits you with a +0 hand axe.
You are too injured to fight recklessly!
You barely miss Terence.
Terence is moderately wounded.
The endoplasm hits you but does no damage.
Terence barely misses you.
You hit Terence.
Terence is heavily wounded.
Terence zaps a wand.
The roots erupt in riotous growth!
The grasping roots grab you!
The endoplasm is unaffected.
Terence is unaffected.
The grasping roots constrict you. The endoplasm freezes you.
You are frozen.
The endoplasm completely misses you. Terence barely misses you.
The grasping roots constrict you.
* * * LOW HITPOINT WARNING * * *
The roots grasp on you weakens, but your attempt to escape fails.
The endoplasm freezes you.
You are frozen.
* * * LOW HITPOINT WARNING * * *
Terence closely misses you. The grasping roots constrict you.
You die...

#.#####.#
#.......# .
#######.#####.#
#...# ..
............#
+...+ ...
#######.#.#.#####
#...## ..
#.#........ ....#
###.##
#.###.##### #...#
#....J#### #.#
#.#.... #...#
#.!..@@..####.#
#.#.### #...#
#....###....#.#
#.# ##...## #...
####...# #..
#.._..## #).
##..# ###
...^...## ## ##.#
..###...## #.##
.## ##...##
####..#
#######...#
##.....##
##...##...####
#.......###


You could see Terence and an endoplasm.

Vanquished Creatures
  2 worms (D:2)
  4 endoplasms
  2 giant cockroaches
  2 goblins
  4 hobgoblins
  3 jackals (D:1)
  4 kobolds (D:1)
  A quokka (D:1)
  5 bats
  A frilled lizard (D:1)
  13 rats
41 creatures vanquished.

Vanquished Creatures (others)
  14 plants (D:1)
14 creatures vanquished.

Grand Total: 55 creatures vanquished

Notes
Turn   | Place    | Note
-------+----------+-------------------------------------------
     0 | D:1      | BritishOli the Demonspawn Fighter began the quest for the
                  | Orb.
     0 | D:1      | Reached XP level 1. HP: 18/18 MP: 1/1
   193 | D:1      | Gained mutation: You are surrounded by a mild repulsion
                  | field. (EV +2) [demonic ancestry]
   193 | D:1      | Reached XP level 2. HP: 23/24 MP: 2/2
   744 | D:1      | Reached XP level 3. HP: 29/29 MP: 3/3
  1569 | D:2      | Found a snail-covered altar of Cheibriados.
  1710 | D:2      | Found a faded altar of an unknown god.
  1762 | D:2      | Found Ceimex's Antique Armour Emporium.
  1797 | D:2      | Noticed Terence
  1809 | D:2      | HP: 1/29 [frozen (4)]
  1809 | D:2      | Constricted to death by Terence

Illustrated notes

Levels and vault maps discovered:
D:1:      kennysheep_arrival_seaside, layout_basic, minmay_misc_feat_room,
          serial_bayou_lagoon_a, minmay_rat_gold_closets
D:2:      layout_basic, hellmonk_ecumenical_altar_crossroads, serial_shops,
          nicolae_shop_overgrown_old_shop, basic_altar, grunt_decor_fettered,
          minmay_close_crescents, uniq_terence

Skill      XL: |  1  2 |
---------------+-------+-----
Long Blades    | 2 |  2.3
Shields        | 3 |  3.1
Armour         | 3 |  3.1
Fighting       | |  3.4

Action                   || total
-------------------------++-------
Melee: Long sword        ||   143
Armor: Scale mail        ||    55
Dodge: Dodged            ||    69
Block: Buckler           ||    22

Table legend: (Time is in decaauts)
 A = Elapsed time spent in this place.
 B = Non-inter-level travel time spent in this place.
 C = Inter-level travel time spent in this place.
 D = Time resting spent in this place.
 E = Time spent auto-exploring this place.
 F = Levels seen in this place.
 G = Mean time per level.
                   A        B        C        D        E       F      G
               +--------+--------+--------+--------+--------+-----+--------+
         Total |   1874 |   1824 |     50 |      0 |   1492 |   2 |  937.0 |
       Dungeon |   1874 |   1824 |     50 |      0 |   1492 |   2 |  937.0 |
               +--------+--------+--------+--------+--------+-----+--------+

Top non-repeatable levels by time:
     D:1: 1280 daAuts
     D:2: 593 daAuts
